 Dungeon Crawl Stone Soup version 0.29.0-11-gd7f09526c8 (webtiles) character file.

Game seed: 512991902234958277

708 Powertoast the Carver (level 7, -1/50 HPs)
             Began as a Merfolk Gladiator on Sept 7, 2022.
             Slain by a two-headed ogre
             ... wielding a +0 giant spiked club
              (15 damage)
             ... on level 5 of the Dungeon.
             The game lasted 00:11:39 (4836 turns).

Powertoast the Carver (Merfolk Gladiator)           Turns: 4836, Time: 00:11:40

Health: -1/50      AC: 11    Str: 15    XL:     7   Next: 67%
Magic:  7/7        EV: 12    Int:  7    God:
Gold:   143        SH:  0    Dex: 17    Spells: 6/6 levels left

rFire   . . .      SeeInvis .   D - +1 scimitar (holy)
rCold   . . .      Faith    .   (no shield)
rNeg    . . .      Spirit   .   w - +3 scale mail
rPois   .          Reflect  .   c - +0 helmet
rElec   .          Harm     .   e - scarf {repulsion}
rCorr   .          Rampage  .   (no gloves)
Will    .....                   s - +0 pair of boots
Stlth   ..........              (no amulet)
HPRegen 0.16/turn               o - +4 ring of slaying
MPRegen 0.10/turn               (no ring)

@: repel missiles
A: (nimble swimmer 2), mertail
a: no special abilities


You were on level 5 of the Dungeon.
You visited 1 branch of the dungeon, and saw 5 of its levels.

You collected 299 gold pieces.
You spent 156 gold pieces at shops.

Inventory:

Hand Weapons
 D - a +1 scimitar of holy wrath (weapon)
Missiles
 d - 3 throwing nets (quivered)
 y - a boomerang of dispersal
Armour
 c - a +0 helmet (worn)
 e - a scarf of repulsion (worn)
 s - a +0 pair of boots (worn)
 w - a +3 scale mail (worn)
Jewellery
 o - a +4 ring of slaying (left hand)
Wands
 a - a wand of polymorph (11)
Scrolls
 f - a scroll of identify
 i - a scroll of teleportation
 j - a scroll of butterflies {unknown}
 k - a scroll of vulnerability
 m - a scroll of amnesia
 n - a scroll of brand weapon {unknown}
 q - a scroll of immolation
 r - a scroll of magic mapping {unknown}
 t - a scroll of enchant weapon {unknown}
 u - a scroll of blinking {unknown}
 v - 2 scrolls of fear
 B - a scroll of silence {unknown}
Potions
 b - a potion of flight {unknown}
 g - a potion of resistance
 h - a potion of brilliance {unknown}
 l - a potion of ambrosia {unknown}
 p - a potion of curing
 x - 3 potions of haste
 z - 2 potions of degeneration {unknown}
 A - a potion of magic {unknown}


   Skills:
 - Level 2.1 Fighting
 * Level 9.7 Long Blades
 - Level 2.0 Throwing
 + Level 5.8 Dodging


You had 6 spell levels left.
You didn't know any spells.
Your spell library contained the following spells:

 Spells                   Type           Power      Damage    Failure   Level
 Sting                    Tmut/Pois      0%         1d3       89%         1
 Poisonous Vapours        Pois/Air       0%         N/A       96%         2
 Olgreb's Toxic Radiance  Pois           0%         N/A       100%        4
 Passage of Golubria      Tloc           0%         N/A       100%        4
 Silence                  Hex/Air        0%         N/A       100%        5
 Dispersal                Tloc           0%         N/A       100%        6
 Disjunction              Tloc           0%         N/A       100%        8
 Lehudib's Crystal Spear  Conj/Erth      0%         10d2      100%        8


Dungeon Overview and Level Annotations

Branches:
Dungeon (5/15)             Temple (0/1) D:4

Altars:
Ashenzari
Kikubaaqudgha
Ru
Trog

Shops:
D:5 (


Innate Abilities, Weirdness & Mutations

((You are very nimble when in or above water. (Stealth+, EV+, Speed+++)))
Your lower body shifts to a powerful aquatic tail in water.


Message History

Found a scale mail.
You hit the ogre.
The ogre is moderately wounded.
The ogre hits you with a +0 giant club!
You barely miss the ogre.
The ogre is moderately wounded.
The ogre misses you.
You slash the ogre!
The ogre is severely wounded.
You hit the ogre.
The ogre is almost dead.
A two-headed ogre comes into view.
It is wielding a +0 giant spiked club and a +0 giant club.
The ogre barely misses you.
You slash the ogre!
You kill the ogre!
You hit the orc warrior.
The orc warrior is moderately wounded.
You closely miss the orc warrior.
The orc warrior is moderately wounded.
The orc warrior unwields a +0 arbalest.
The orc warrior wields a +0 dire flail.
The orc warrior hits you with a +0 dire flail!
You barely miss the orc warrior.
The orc warrior is moderately wounded.
The orc warrior hits you but does no damage.
You completely miss the orc warrior.
The orc warrior is moderately wounded.
The orc warrior barely misses you.
You hit the orc warrior.
The orc warrior is moderately wounded.
You slash the two-headed ogre! You punch the two-headed ogre.
The two-headed ogre is lightly wounded.
You slash the two-headed ogre!
The two-headed ogre is moderately wounded.
The two-headed ogre barely misses you.
The two-headed ogre hits you with a +0 giant club!
* * * LOW HITPOINT WARNING * * *
The two-headed ogre attacks as you move away!
The two-headed ogre barely misses you.
The two-headed ogre hits you with a +0 giant club!
You die...

### .## ##.. ..# #..
###.# #.. ##.#.# #..
##.#..# #.# # #.###.#
#.# #.####.#..#
######.# #..O#.###.#
#......#
##[#@#.#..####.######
########.#....#
#...#### #####


You could see a two-headed ogre.

Vanquished Creatures
  An ice beast (D:5)
  2 ogres (D:5)
  A necrophage (D:5)
  A vampire bat (D:3)
  2 hounds (D:4)
  An orc priest (D:3)
  2 iguanas (D:5)
  2 orc wizards (D:3)
  An adder (D:5)
  A white imp (D:5)
  An ufetubus (D:4)
  3 worms (D:2)
  3 dart slugs
  17 orcs
  5 ball pythons
  4 bat skeletons (D:3)
  A bat zombie (D:3)
  6 endoplasms
  4 giant cockroaches
  6 goblins
  4 hobgoblins
  12 jackals
  11 kobolds
  3 quokkas
  4 bats
  5 frilled lizards
  5 rats
108 creatures vanquished.

Notes
Turn   | Place    | Note
-------+----------+-------------------------------------------
     0 | D:1      | Powertoast the Merfolk Gladiator began the quest for the
                  | Orb.
     0 | D:1      | Reached XP level 1. HP: 16/16 MP: 1/1
    56 | D:1      | Reached skill level 4 in Long Blades
    91 | D:1      | Reached XP level 2. HP: 15/22 MP: 2/2
   787 | D:1      | Reached XP level 3. HP: 27/27 MP: 3/3
   794 | D:1      | Reached skill level 5 in Long Blades
  1761 | D:2      | Reached XP level 4. HP: 33/33 MP: 4/4
  1911 | D:2      | Reached skill level 6 in Long Blades
  2992 | D:3      | Reached XP level 5. HP: 22/38 MP: 5/5
  3247 | D:3      | Reached skill level 7 in Long Blades
  3382 | D:3      | Found an ancient bone altar of Kikubaaqudgha.
  3390 | D:3      | Reached XP level 6. HP: 42/44 MP: 6/6
  3472 | D:3      | Found a faded altar of an unknown god.
  3762 | D:4      | Reached skill level 8 in Long Blades
  3964 | D:4      | Found a staircase to the Ecumenical Temple.
  4272 | D:5      | Entered Level 5 of the Dungeon
  4285 | D:5      | Found Umaruhe's Weapon Boutique.
  4337 | D:5      | Bought a +1 scimitar of holy wrath for 156 gold pieces
  4393 | D:5      | Reached XP level 7. HP: 42/50 MP: 7/7
  4460 | D:5      | Reached skill level 9 in Long Blades
  4460 | D:5      | Reached skill level 5 in Dodging
  4731 | D:5      | Found a broken altar of Ashenzari.
  4731 | D:5      | Found a bloodstained altar of Trog.
  4738 | D:5      | Found a sacrificial altar of Ru.
  4740 | D:5      | Found a faded altar of an unknown god.
  4741 | D:5      | Found a faded altar of an unknown god.
  4827 | D:5      | Noticed a two-headed ogre
  4836 | D:5      | Slain by a two-headed ogre

Illustrated notes

Levels and vault maps discovered:
D:1:      lightli_arrival_windingriver, layout_basic, serial_forest,
          infiniplex_forest_clump_medium, infiniplex_forest_clump_long,
          infiniplex_forest_lined_corner, infiniplex_forest_lined_room_2,
          infiniplex_forest_lined_2
D:2:      layout_loops_ring
D:3:      layout_basic, kennysheep_vampire_church,
          hellmonk_ecumenical_altar_pennies_from_heaven,
          amcnicky_mini_corridor_feature, minivault_26
D:4:      layout_rooms, minmay_temple_entry_from_below_a, corner_web_ring,
          hex_intersection
D:5:      layout_rooms, chequers_temple_overflow_minitemple, serial_shops,
          nicolae_shop_bloodbath_and_beyond, minmay_small_thing

Skill      XL: |  1  2  3  4  5  6  7 |
---------------+----------------------+-----
Long Blades    | 4 5 6 7 8 9 |  9.7
Dodging        | 5 |  5.8
Fighting       | |  2.1
Throwing       | |  2.0

Action                   |  1- 3 |  4- 6 |  7- 9 || total
-------------------------+-------+-------+-------++-------
Melee: Long sword        |   117 |   159 |       ||   276
       Punch             |       |     1 |     2 ||     3
       Scimitar          |       |     6 |    22 ||    28
Throw: Javelin           |       |     1 |       ||     1
  Use: Scroll            |       |     8 |       ||     8
       Potion            |       |     1 |       ||     1
 Stab: Sleeping          |     1 |     1 |       ||     2
Armor: Leather armour    |    25 |    20 |       ||    45
       Scale mail        |       |    74 |     2 ||    76
Dodge: Dodged            |    87 |   115 |    14 ||   216
